 Dungeon Crawl Stone Soup version 0.20-a0-738-gb057e68 (webtiles) character file.

56 tbh1313 the Insei (level 3, 0/29 HPs)
             Began as a Demonspawn Monk on Feb 23, 2017.
             Slain by an adder (2 damage)
             ... on level 2 of the Dungeon.
             The game lasted 00:03:14 (1764 turns).

tbh1313 the Insei (Demonspawn Monk)                 Turns: 1764, Time: 00:03:14

Health: 0/29       AC:  2    Str: 12    XL:     3   Next: 71%
Magic:  3/3        EV: 13    Int: 11    God:
Gold:   61         SH:  0    Dex: 15    Spells: 2/2 levels left

rFire    . . .     SeeInvis .     - Unarmed
rCold    . . .     Gourm    .   a - +0 robe
rNeg     . . .     Faith    .   (no shield)
rPois    .         Spirit   .   (helmet restricted)
rElec    .         Reflect  .   (no cloak)
rCorr    .         Harm     .   (no gloves)
MR       .....                  (no boots)
Stlth    +++.......             (no amulet)
Regen    0.1/turn               (no ring)
MPRegen  0.1/turn               g - ring of stealth

@: lethally poisoned (0 -> -5)
A: antennae 1
a: no special abilities


You were on level 2 of the Dungeon.
You were not hungry.

You visited 1 branch of the dungeon, and saw 2 of its levels.

You collected 61 gold pieces.


Innate Abilities, Weirdness & Mutations

You have a pair of small antennae on your head.


   Skills:
 - Level 3.0 Fighting
 - Level 2.6 Dodging
 - Level 1.7 Stealth
 + Level 4.2 Unarmed Combat


You had 2 spell levels left.
You didn't know any spells.

Dungeon Overview and Level Annotations

Branches:
Dungeon (2/15)

Altars:

Inventory:

Armour
 a - a +0 robe (worn)
Jewellery
 g - a ring of stealth (left hand)
Scrolls
 d - a scroll of remove curse {unknown}
 h - 2 scrolls of recharging {unknown}
 j - a scroll of teleportation {unknown}
Potions
 e - a potion of lignification {unknown}
 i - a potion of agility {unknown}
Comestibles
 b - a bread ration
 c - 2 royal jellies
 f - 2 chunks of flesh

#......##.....<#.)..#
#......##......#..#.###
.##......+.......#......#
.........#######.#.###..##
.###.....#####.#.#.......#
...............#.######.##
.#####.#.......#..........
##....#.#S##############...
......#.#.@(....... .<..#..
##....#.#..##..#### #.#.#..
#.......#......... .. ..#..
........##.#........ .#.#..
...........#..#.##########.
.......).######.# #........
.....###).......# #.######.
... #.######## #.# ## . #.#
#.# #


You could see an adder.


Message History

The adder bites you but does no damage.
You miss the adder. The adder bites you but does no damage.
You miss the adder. The adder bites you but does no damage.
You closely miss the adder. The adder bites you but does no damage.
The adder bites you.
You are poisoned.
The adder poisons you!
You feel sick.
You feel sick.
You miss the adder. The adder misses you. The ball python closely misses you.
The ball python misses you.
You closely miss the ball python.
You feel sick. The adder bites you but does no damage.
The ball python misses you. The ball python completely misses you.
You hit the ball python.
You kill the ball python!
The adder bites you.
You are more poisoned.
The adder poisons you!
You hit the adder. Your punch misses the adder.
The adder is moderately wounded.
You feel sick. The adder barely misses you.
You barely miss the adder.
The adder is moderately wounded.
The adder barely misses you. The adder bites you.
You hit the adder.
The adder is severely wounded.
You feel sick. The adder bites you but does no damage.
You hit the adder.
You kill the adder!
You start resting.
You feel sick.
You sense a monster nearby.
You start resting.
You feel sick. x5
The adder hisses angrily.
You see here an adder corpse.
You hit the adder.
The adder is moderately wounded.
The adder barely misses you. The adder misses you.
You miss the adder.
The adder is moderately wounded.
You feel sick.
You are no longer poisoned.
The adder closely misses you.
You closely miss the adder.
The adder is moderately wounded.
The adder misses you.
You miss the adder.
The adder is moderately wounded.
The adder bites you.
* * * LOW HITPOINT WARNING * * *
You hit the adder.
The adder is heavily wounded.
The adder barely misses you. x2
You closely miss the adder.
The adder is heavily wounded.
The adder barely misses you.
You miss the adder.
The adder is heavily wounded.
The adder closely misses you.
You barely miss the adder.
The adder is heavily wounded.
The adder bites you.
* * * LOW HITPOINT WARNING * * *
You are lethally poisoned!
The adder poisons you!
You barely miss the adder.
The adder is heavily wounded.
* * * LOW HITPOINT WARNING * * *
You feel sick. The adder bites you.
You die...

Vault maps used:
D:1:      dpeg_arrival_stonehenge_8_columns, st_stairs_1
D:2:      minmay_pentomino_z2, uniq_robin

Notes
Turn   | Place    | Note
-------+----------+-------------------------------------------
     0 | D:1      | tbh1313 the Demonspawn Monk began the quest for the Orb.
     0 | D:1      | Reached XP level 1. HP: 18/18 MP: 1/1
    38 | D:1      | HP: 4/18 [rat (2)]
    40 | D:1      | Reached skill level 3 in Unarmed Combat
   301 | D:1      | Gained mutation: You have a pair of small antennae on your head. [demonic ancestry]
   301 | D:1      | Reached XP level 2. HP: 17/24 MP: 2/2
   916 | D:1      | Reached XP level 3. HP: 29/29 MP: 3/3
  1215 | D:2      | Reached skill level 4 in Unarmed Combat
  1759 | D:2      | HP: 7/29 [adder (3)]
  1763 | D:2      | HP: 3/29 [adder (5)]
  1764 | D:2      | Slain by an adder

Vanquished Creatures
  An adder (D:2)
  An ooze (D:1)
  A dart slug (D:1)
  A worm (D:2)
  6 goblins
  6 hobgoblins
  4 jackals (D:1)
  2 kobolds
  A ball python (D:2)
  5 bats
  3 frilled lizards (D:1)
  7 rats
38 creatures vanquished.

Action                   || total
-------------------------++-------
Melee: Unarmed           ||   146
 Stab: Sleeping          ||     4
  Eat: Chunk             ||     3
Armor: Robe              ||    39
Dodge: Dodged            ||   108
